 Dungeon Crawl Stone Soup version 0.21.1-1-g345015fe64 (webtiles) character file.

992 HooM the Skirmisher (level 8, -3/70 HPs)
             Began as a Hill Orc Fighter on Mar 11, 2018.
             Was a Follower of Beogh.
             Killed by divine providence
             ... invoked by an orc priest
              (12 damage)
             ... on level 5 of the Dungeon.
             The game lasted 00:28:35 (3938 turns).

HooM the Skirmisher (Hill Orc Fighter)              Turns: 3938, Time: 00:28:36

Health: -3/70      AC: 11    Str: 21    XL:     8   Next: 18%
Magic:  8/8        EV:  6    Int:  8    God:    Beogh [*.....]
Gold:   226        SH: 10    Dex: 10    Spells: 7/7 levels left

rFire    . . .     SeeInvis .   w - +4 flail (crush)
rCold    + . .     Gourm    .   c - +0 shield
rNeg     . . .     Faith    .   u - +0 chain mail
rPois    .         Spirit   .   l - +0 helmet
rElec    .         Reflect  .   (no cloak)
rCorr    .         Harm     .   (no gloves)
MR       .....                  (no boots)
Stlth    ..........             (no amulet)
HPRegen  0.21/turn              h - ring of wizardry
MPRegen  0.11/turn              a - ring of protection from cold

@: no status effects
A: no striking features
a: Renounce Religion


You were on level 5 of the Dungeon.
You worshipped Beogh.
Beogh was aware of your devotion.
You were hungry.

You visited 1 branch of the dungeon, and saw 5 of its levels.

You collected 226 gold pieces.

Inventory:

Hand Weapons
 q - the cursed +0 arbalest "Fetahece" {penet, rC+ SInv, unknown}
   (You found it on level 4 of the Dungeon)

   Ammo fired by it will pass through the targets it hits, potentially hitting
   all targets in its path until it reaches maximum range.
   It protects you from cold.
   It lets you see invisible.
   It has a curse placed upon it.
 t - a +2 short sword of protection
 w - a +4 flail of crushing (weapon)
 B - a +2 short sword of distortion
Missiles
 g - 31 stones (quivered)
 x - 45 bolts
Armour
 c - a +0 shield (worn)
 l - a +0 helmet (worn)
 u - a +0 chain mail (worn)
Jewellery
 a - a ring of protection from cold (right hand)
 h - a ring of wizardry (left hand)
 n - an uncursed ring of wizardry
Wands
 r - a wand of random effects (56)
 E - a wand of paralysis (11)
Scrolls
 b - a scroll of noise {unknown}
 e - a scroll of magic mapping
 i - 2 scrolls of remove curse
 s - a scroll of enchant weapon {unknown}
 y - a scroll of teleportation {unknown}
 C - a scroll of enchant armour {unknown}
Potions
 d - 2 potions of might
 j - 4 potions of curing
 k - a potion of resistance {unknown}
 m - a potion of haste {unknown}
 o - a potion of mutation {unknown}
 p - a potion of lignification {unknown}
 v - a potion of berserk rage {unknown}
 z - 2 potions of heal wounds {unknown}
 A - a potion of magic {unknown}
 D - a potion of flight {unknown}
Comestibles
 f - 13 rations


   Skills:
 + Level 5.7 Fighting
 + Level 1.5(3.3) Short Blades
   Level 5.2(5.3) Long Blades
 + Level 2.4 Maces & Flails
 + Level 0.3 Throwing
 + Level 5.1 Armour
 + Level 2.2 Dodging
 + Level 0.3 Stealth
 + Level 5.6 Shields


You had 7 spell levels left.
You didn't know any spells.

Dungeon Overview and Level Annotations

Branches:
Dungeon (5/15)
 Temple: D:4-7

Altars:

Annotations:
D:5 1 transporter


Message History

* * * LOW HITPOINT WARNING * * *
The shadow imp gestures at you. Pain shoots through your body!
* * * LOW HITPOINT WARNING * * *
The shadow imp puffs mist at you. The shadow imp gestures at you.
You struggle to resist.
The shadow imp gestures at you. Pain shoots through your body!
* * * LOW HITPOINT WARNING * * *
The orc priest calls down the wrath of Beogh upon you.
Pain shoots through your body!
* * * LOW HITPOINT WARNING * * *
The orc priest miscasts a cantrip.
The shadow imp summons a swarm of flies.
You open the door.
The orc priest invokes the aid of Beogh against you.
Beogh smites you!
You die...
Beogh appreciates the orc priest's killing of a heretic priest.

#.####.#P.....P#...
#......####'####.## #. #.#
######.#.≈...≈.#.# #.##.#
#.#.≈...≈.#.# #.##.##
#######.#.≈≈≈≈≈.#.#####......
........#5≈≈⌠≈≈.#........#.#.
#######.#.≈≈≈≈≈5#..#.........
######..#o≈...≈o#..#.###.....
........#o≈.@.≈.#...........†
.#####..####'####.......#...#
##.#≈..$..≈#..#.##.##.#.
#.#8P$©$P8#..#.##.##...
#.#########..#.....>...
#.)...©......#......#..
#....###...^.#............
####............#......#.#
####.##.#.##.#......#.#


You could see 3 orc priests and 2 shadow imps.

Vanquished Creatures
  The ghost of Rrauwl the Vandal, an amateur HaHu (D:3)
  Menkaure (D:4)
  Edmund (D:4)
  Duvessa (D:4)
  A sky beast (D:5)
  An ogre (D:5)
  Dowan (D:4)
  A crimson imp (D:2)
  An iguana (D:3)
  A worker ant (D:5)
  An orc wizard (D:4)
  6 gnolls
  6 adders
  A shadow imp (D:5)
  2 oozes
  A worm (D:5)
  A dart slug (D:1)
  A leopard gecko (D:5)
  14 orcs
  2 giant cockroaches
  7 goblins
  8 hobgoblins
  15 jackals
  6 kobolds
  2 quokkas (D:3)
  2 ball pythons (D:2)
  10 bats
  4 frilled lizards
  A quokka skeleton (D:4)
  7 rats
107 creatures vanquished.

Vanquished Creatures (others)
  A kobold (D:3)
  A frilled lizard (D:3)
2 creatures vanquished.

Grand Total: 109 creatures vanquished

Notes
Turn   | Place    | Note
-------+----------+-------------------------------------------
     0 | D:1      | HooM the Hill Orc Fighter began the quest for the Orb.
     0 | D:1      | Reached XP level 1. HP: 19/19 MP: 1/1
   144 | D:1      | Reached XP level 2. HP: 27/27 MP: 2/2
   246 | D:1      | Reached XP level 3. HP: 28/33 MP: 3/3
  1010 | D:2      | Reached skill level 1 in Dodging
  1010 | D:2      | Reached XP level 4. HP: 37/40 MP: 4/4
  1498 | D:3      | Noticed Rrauwl's ghost (amateur HaHu)
  1552 | D:3      | Killed Rrauwl's ghost
  1552 | D:3      | Reached XP level 5. HP: 24/47 MP: 5/5
  1553 | D:3      | Reached XP level 6. HP: 28/53 MP: 6/6
  1831 | D:3      | Became a worshipper of Beogh the Brigand
  2579 | D:4      | Noticed Menkaure
  2596 | D:4      | Killed Menkaure
  2596 | D:4      | Reached XP level 7. HP: 9/60 MP: 7/7
  2903 | D:4      | Reached skill level 5 in Shields
  2924 | D:4      | Reached skill level 5 in Long Blades
  2966 | D:4      | Noticed Edmund
  3003 | D:4      | Killed Edmund
  3008 | D:4      | Noticed Duvessa
  3009 | D:4      | Noticed Dowan
  3082 | D:4      | Killed Dowan
  3082 | D:4      | Reached skill level 5 in Fighting
  3127 | D:4      | Got a dazzling arbalest
  3302 | D:4      | Killed Duvessa
  3302 | D:4      | Reached skill level 1 in Short Blades
  3484 | D:5      | Entered Level 5 of the Dungeon
  3515 | D:5      | Reached skill level 1 in Maces & Flails
  3618 | D:5      | Reached * piety under Beogh
  3637 | D:5      | Reached XP level 8. HP: 33/69 MP: 8/8
  3836 | D:5      | Reached skill level 5 in Armour
  3874 | D:5      | Found a transporter.
  3903 | D:5      | Found a transporter.
  3938 | D:5      | Killed from afar by an orc priest

Skill      XL: |  1  2  3  4  5  6  7  8 |
---------------+-------------------------+-----
Long Blades    | 3 4 5 |  5.2
Fighting       | 4 5 |  5.7
Dodging        | 1 2 |  2.2
Armour         | 4 5 |  5.1
Shields        | 4 5 |  5.6
Short Blades   | 1 |  1.5
Maces & Flails | 1 2 |  2.4
Throwing       | |  0.3
Stealth        | |  0.3

Action                   |  1- 3 |  4- 6 |  7- 9 || total
-------------------------+-------+-------+-------++-------
Melee: Long sword        |   141 |   206 |       ||   347
       Short sword       |       |       |    72 ||    72
       Flail             |       |       |    78 ||    78
Throw: Stone             |       |     3 |     9 ||    12
Invok: Convert to Beogh  |       |     1 |       ||     1
  Use: Scroll            |       |     3 |       ||     3
       Potion            |       |     2 |       ||     2
  Eat: Chunk             |     1 |     3 |     3 ||     7
       Ration            |       |     1 |       ||     1
Armor: Scale mail        |    81 |    89 |     5 ||   175
       Chain mail        |       |       |    50 ||    50
Dodge: Dodged            |    49 |    68 |    33 ||   150
Block: Shield            |    72 |   107 |    56 ||   235
       Rpst.: Long sword |    21 |    18 |       ||    39
